 Dungeon Crawl Stone Soup version 0.23.0 (webtiles) character file.

Game seed: 12345505793857168675

721 inmateoo the Changer (level 7, -6/64 HPs)
             Began as an Octopode Transmuter on Feb 15, 2019.
             Splashed by a jelly's acid (11 damage)
             ... on level 5 of the Dungeon.
             The game lasted 00:06:56 (5862 turns).

inmateoo the Changer (Octopode Transmuter)          Turns: 5862, Time: 00:06:57

Health: -6/64      AC: -11   Str: 14    XL:     7   Next: 70%
Magic:  13/13      EV: 14    Int: 17    God:
Gold:   164        SH:  0    Dex: 13    Spells: 4/14 levels left

rFire    + . .     SeeInvis .     - Unarmed
rCold    . . .     Gourm    .   (no shield)
rNeg     + . .     Faith    .   (helmet restricted)
rPois    .         Spirit   .   (no amulet)
rElec    .         Reflect  .   e - +1 ring of evasion
rCorr    .         Harm     .   j - ring of protection from fire
MR       .....                  f - ring of positive energy
Stlth    ..........             r - ring of wizardry
HPRegen  0.20/turn              (no ring)
MPRegen  0.13/turn              (no ring)
                                (no ring)
                                (no ring)

@: berserking, appendage (expiring), corroded, very quick
A: almost no armour, stealthy swim, amphibious, 8 rings, constrict 8, tentacle
spike 3, camouflage 1, gelatinous body 1
a: End Transformation


You were on level 5 of the Dungeon.
You were not hungry.
One of your tentacles had a temporary spike.
You visited 2 branches of the dungeon, and saw 6 of its levels.

You collected 164 gold pieces.

Inventory:

Missiles
 a - 70 arrows
Jewellery
 e - a +1 ring of evasion (left tentacle)
 f - a ring of positive energy (on tentacle)
 j - a ring of protection from fire (right tentacle)
 r - a ring of wizardry (on tentacle)
 v - a +4 ring of intelligence {unknown}
Wands
 m - a wand of acid (5)
 w - a wand of random effects (25)
Scrolls
 b - 2 scrolls of immolation {unknown}
 o - 2 scrolls of remove curse
 p - 2 scrolls of teleportation
 q - 3 scrolls of enchant armour
 u - a scroll of blinking
Potions
 d - 2 potions of heal wounds
 g - a potion of flight
 h - a potion of agility
 k - a potion of cancellation
 l - a potion of magic
 n - a potion of might
 s - a potion of mutation
 t - a potion of lignification {unknown}
Comestibles
 c - 7 rations


   Skills:
 - Level 1.0 Fighting
 - Level 2.0 Dodging
 - Level 4.0 Stealth
 - Level 3.0 Unarmed Combat
 * Level 4.1 Spellcasting
 + Level 1.9 Summonings
 * Level 5.9 Transmutations
 + Level 1.9 Air Magic


You had 4 spell levels left.
You knew the following spells:

 Your Spells              Type           Power        Failure   Level  Hunger
a - Beastly Appendage     Tmut           ###...       1%          1    None
b - Sticks to Snakes      Tmut           ###.....     1%          2    ##.....
c - Spider Form           Tmut/Pois      ##........   6%          3    ###....
d - Summon Lightning Spi  Summ/Air       ##......     26%         4    ####...

Your spell library contained the following spells:

 Spells                   Type           Power        Failure   Level  Hunger
 Ice Form                 Ice/Tmut       ##......     17%         4    ####...
 Blade Hands              Tmut           ###.......   16%         5    ######.
 Silence                  Hex/Air        #.........   71%         5    ######.
 Conjure Ball Lightning   Conj/Air       #.........   99%         6    #######
 Deflect Missiles         Chrm/Air       #.........   99%         6    #######
 Tornado                  Air            ##........   100%        9    #######


Dungeon Overview and Level Annotations

Branches:
Dungeon (5/15)             Temple (1/1) D:4

Altars:
Ashenzari
Fedhas
Hepliaklqana
Kikubaaqudgha
Makhleb
Nemelex Xobeh
Okawaru
Qazlal
Ru
Trog
Vehumet
Wu Jian
Xom


Innate Abilities, Weirdness & Mutations

You cannot wear most types of armour.
You are very stealthy in the water. (Stealth+)
You are amphibious.
You can wear up to eight rings at the same time.
You can use your tentacles to constrict eight enemies at once.
Your skin changes colour to match your surroundings (Stealth+).
Your rubbery body absorbs attacks. (AC +1, EV +1)
One of your tentacles bears a large vicious spike.


Message History

You tentacle-slap the jelly.
Your tentacles burn!
* * * LOW HITPOINT WARNING * * *
You squeeze the jelly, but do no damage.
The jelly is almost dead.
The jelly hits you.
* * * LOW HITPOINT WARNING * * *
You are splashed with acid!
* * * LOW HITPOINT WARNING * * *
Unknown command.
Evoke which item? (* to show all) (? for menu, Esc to quit)
Okay, then.
Casting: Beastly Appendage (safe; 1% risk of failure)
Confirm with . or Enter, or press ? or * to list all spells.
Okay, then.
Your transformation is almost over.
A red film seems to cover your vision as you go berserk!
You feel yourself moving faster!
You feel mighty! The jelly hits you.
* * * LOW HITPOINT WARNING * * *
You are splashed with acid!
You die...

.......... ...
.........##
................#
...... #......<##
....#.####....####
...#..##........#
................#
#......#.##..#
##).@.########
#..J..# #...###
#......# #...$..#
##.##..# ## ####


You could see a jelly.

Vanquished Creatures
  2 ogres (D:4)
  A howler monkey (D:4)
  3 orc priests (D:4)
  4 orc wizards (D:4)
  A worker ant (D:4)
  A howler monkey skeleton (D:4)
  11 adders
  A shadow imp (D:4)
  5 worms
  A dart slug (D:1)
  4 leopard geckos
  7 orcs
  7 giant cockroaches
  4 goblins
  4 hobgoblins
  9 jackals
  6 kobolds
  A quokka (D:4)
  3 ball pythons
  4 bats
  5 frilled lizards
  8 rats
92 creatures vanquished.

Vanquished Creatures (collateral kills)
  A gnoll sergeant (D:4)
  An orc priest (D:4)
  An adder (D:3)
  6 gnolls
  A shadow imp (D:4)
  A worm (D:4)
  3 jackals (D:3)
14 creatures vanquished.

Grand Total: 106 creatures vanquished

Notes
Turn   | Place    | Note
-------+----------+-------------------------------------------
     0 | D:1      | inmateoo the Octopode Transmuter began the quest for the
                  | Orb.
     0 | D:1      | Reached XP level 1. HP: 13/13 MP: 3/3
    72 | D:1      | Reached skill level 1 in Stealth
   271 | D:1      | Reached XP level 2. HP: 14/18 MP: 5/5
   917 | D:1      | Reached XP level 3. HP: 13/23 MP: 3/6
  1054 | D:1      | Learned a level 2 spell: Sticks to Snakes
  1058 | D:1      | Learned a level 3 spell: Spider Form
  1791 | D:2      | Reached skill level 3 in Transmutations
  1791 | D:2      | Reached XP level 4. HP: 22/28 MP: 5/7
  2361 | D:3      | Found an iron altar of Okawaru.
  2838 | D:3      | Reached skill level 4 in Transmutations
  2838 | D:3      | Reached XP level 5. HP: 33/33 MP: 8/8
  3773 | D:4      | Found a transporter.
  4079 | D:4      | Reached XP level 6. HP: 26/38 MP: 5/10
  4218 | D:4      | Learned a level 4 spell: Summon Lightning Spire
  4275 | D:4      | Reached skill level 5 in Transmutations
  4280 | D:4      | Reached skill level 1 in Summonings
  4280 | D:4      | Reached skill level 1 in Air Magic
  4598 | D:4      | Found a transporter.
  4721 | D:4      | Found a staircase to the Ecumenical Temple.
  4750 | D:4      | Reached XP level 7. HP: 43/43 MP: 3/12
  5056 | Temple   | Entered the Ecumenical Temple
  5837 | D:5      | Entered Level 5 of the Dungeon
  5862 | D:5      | Splashed by a jelly's acid

Skill      XL: |  1  2  3  4  5  6  7 |
---------------+----------------------+-----
Stealth        | 2 3 4 |  4.0
Transmutations | 3 4 5 |  5.9
Spellcasting   | 3 4 |  4.1
Summonings     | 1 |  1.9
Air Magic      | 1 |  1.9
Fighting       | |  1.0
Dodging        | |  2.0
Unarmed Combat | |  3.0

Action                   |  1- 3 |  4- 6 |  7- 9 || total
-------------------------+-------+-------+-------++-------
Melee: Unarmed           |   110 |   103 |    56 ||   269
       Constrict         |    23 |    26 |     6 ||    55
       Tentacles         |    10 |    18 |     8 ||    36
       Kick              |     6 |    11 |     1 ||    18
       Punch             |       |     1 |     1 ||     2
 Cast: Beastly Appendage |     5 |     7 |     1 ||    13
       Spider Form       |     2 |     1 |     1 ||     4
       Sticks to Snakes  |       |     5 |       ||     5
       Summon Lightning  |       |     1 |     1 ||     2
Evoke: Wand              |       |     4 |       ||     4
  Use: Scroll            |       |    14 |       ||    14
       Potion            |       |       |     1 ||     1
 Stab: Sleeping          |    11 |     6 |     1 ||    18
       Distracted        |       |     1 |       ||     1
  Eat: Chunk             |     3 |     9 |     5 ||    17
Armor: Skin              |    12 |     5 |     1 ||    18
Dodge: Dodged            |    71 |    89 |    41 ||   201
